 Dungeon Crawl Stone Soup version 0.30.0-10-gfe55d96785 (webtiles) character file.

Game seed: 15170899432278468167

1423 Esekla the Magician (level 8, 0/39 (41) HPs)
             Began as a Deep Elf Hedge Wizard on May 14, 2023.
             Was an Initiate of Sif Muna.
             Slain by a wight
             ... wielding a +2 halberd
              (13 damage)
             ... on level 6 of the Dungeon.
             The game lasted 00:45:02 (7005 turns).

Esekla the Magician (Deep Elf Hedge Wizard)         Turns: 7005, Time: 00:45:03

HP:   0/39 (41)     AC:  9    Str:  7    XL:     8   Next: 44%
MP:   15/21         EV: 13    Int: 22    God:    Sif Muna [......]
Gold: 236           SH:  0    Dex: 14    Spells: 6/22 levels left

rFire   . . .        c - +0 falchion (elec)
rCold   . . .        (no shield)
rNeg    . . .        b - +0 robe
rPois   .            z - +0 helmet
rElec   .            (no cloak)
rCorr   .            h - +0 pair of gloves
SInv    .            i - +0 pair of boots
Will    .....        (no amulet)
Stlth   ++           n - +4 ring of protection
HPRegen 0.26/turn    (no ring)
MPRegen 0.17/turn

%: no passive effects
@: on blink cooldown, lightly drained
A: no striking features
a: Renounce Religion


You were on level 6 of the Dungeon.
You worshipped Sif Muna.
Sif Muna was noncommittal.
You visited 2 branches of the dungeon, and saw 7 of its levels.

You collected 236 gold pieces.

Inventory:

Hand Weapons
 a - a +2 dagger of venom
 c - a +0 falchion of electrocution (weapon)
 D - a +0 trident
Missiles
 j - 4 poisoned darts
 v - 3 silver boomerangs (quivered)
 E - a throwing net
Armour
 b - a +0 robe (worn)
 h - a +0 pair of gloves (worn)
 i - a +0 pair of boots (worn)
 z - a +0 helmet (worn)
 A - a +0 buckler
Jewellery
 n - a +4 ring of protection (left hand)
Wands
 G - a wand of light (10)
Scrolls
 f - a scroll of blinking {unknown}
 k - a scroll of fear {unknown}
 l - a scroll of teleportation {unknown}
 p - a scroll of enchant armour {unknown}
 r - a scroll of poison {unknown}
 t - 2 scrolls of enchant weapon
 x - a scroll of butterflies {unknown}
 y - a scroll of torment {unknown}
 C - a scroll of vulnerability {unknown}
 F - a scroll of amnesia {unknown}
Potions
 d - a potion of magic
 e - a potion of cancellation {unknown}
 g - 5 potions of curing {unknown}
 m - a potion of resistance {unknown}
 o - a potion of might {unknown}
 q - 3 potions of flight
 s - 2 potions of haste
 u - a potion of lignification {unknown}
 w - a potion of attraction {unknown}
 B - 2 potions of heal wounds


   Skills:
 + Level 0.2 Fighting
 + Level 2.2 Short Blades
 + Level 1.3 Throwing
 * Level 4.2 Dodging
 + Level 3.4 Stealth
 * Level 7.5 Spellcasting
 * Level 2.5 Conjurations
 - Level 1.1 Summonings
 + Level 3.6 Translocations
 * Level 1.8 Transmutations
 * Level 2.7 Fire Magic
 * Level 3.0 Ice Magic
 * Level 3.0 Air Magic
 * Level 3.2 Poison Magic
 * Level 2.3 Invocations


You had 6 spell levels left.
You knew the following spells:

 Your Spells              Type           Power      Damage    Failure   Level
a - Magic Dart            Conj           76%        1d6       2%          1
b - Blink                 Tloc           48%        N/A       2%          2
c - Mephitic Cloud        Conj/Pois/Air  21%        N/A       7%          3
n - Ignite Poison         Fire/Tmut/Pois 19%        N/A       9%          3
r - Frozen Ramparts       Ice            42%        1d7       7%          3
y - Sticky Flame          Conj/Fire      19%        2d4       26%         4

Your spell library contained the following spells:

 Spells                   Type           Power      Damage    Failure   Level
 Freeze                   Ice            84%        1d9       2%          1
 Cigotuvi's Dreadful Rot  Necr/Pois/Air  34%        N/A       4%          2
 Slow                     Hex            32%        N/A       8%          1
 Call Imp                 Summ           26%        N/A       8%          2
 Hailstorm                Conj/Ice       20%        3d6       8%          3
 Ignition                 Fire           10%        3d5       100%        8


Dungeon Overview and Level Annotations

Branches:
Dungeon (6/15)             Temple (1/1) D:4

Altars:
Ashenzari
Cheibriados
Dithmenos
Elyvilon
Fedhas
Gozag
Hepliaklqana
Kikubaaqudgha
Makhleb
Nemelex Xobeh
Okawaru
Qazlal
Ru
Sif Muna
Trog
Uskayaw
Vehumet
Wu Jian
Xom
Yredelemnul
Zin
The Shining One

Shops:
D:3 [


Message History

The wight is severely damaged.
The wight is engulfed in blazing flames.
You destroy the wight!
Sif Muna accepts your kill.
Your life force feels restored.
Your Ice Magic skill increases to level 3!
You start resting.
Magic restored.
H - a scroll of identify
Items here: ))) [[[.
Okay, then.
There is a stone staircase leading up, spattered with blood here.
Okay, then.
Unknown command.
As you read the scroll of identify, it crumbles to dust.
t - 2 scrolls of enchant weapon Your +2 dagger of venom stops dripping with poison.
You hear the crackle of electricity.
c - a +0 falchion of electrocution (weapon)
You start resting.
HP restored.
You start waiting.
A wight is nearby!
Okay, then.
The wight misses you. The wight hits you with a +2 halberd!
You feel drained.
Casting: Ignite Poison (dangerous; 9% risk of failure)
Confirm with . or Enter, or press ? or * to list all spells.
The spell is extremely dangerous to miscast (26% risk of failure)!
Continue anyway?
Aiming: Sticky Flame (extremely dangerous; 26% risk of failure)
Press: ? - help, Shift-Dir - straight line, f - wight
Aim: a wight, wielding a +2 halberd and wearing a +0 robe The sticky flame hits the wight.
The wight is lightly damaged.
The wight is covered in liquid flames!
The wight burns!
The wight hits you with a +2 halberd!
Casting: Sticky Flame (extremely dangerous; 26% risk of failure)
Confirm with . or Enter, or press ? or * to list all spells.
You blink.
The wight burns!
The wight hits you with a +2 halberd!
You die...

#....##
#....##
#.....#
#.....#
#....<#
#....)#
#..ยง.##
#..z.#
#.@..#
#######....#
#.....#....#
#.....#....#
#.....#....#
#z....'....#
#....z#....+
#.....#....#
#z....#....#


You could see a wight (burning).

Vanquished Creatures
  Grinder (D:4)
  A water moccasin (D:5)
  2 ogres (D:5)
  A centaur (D:5)
  A phantom (D:5)
  A gnoll sergeant (D:3)
  2 scorpions (D:5)
  4 wights
  An orc priest (D:5)
  2 iguanas
  A sleepcap (D:4)
  2 orc wizards
  Robin (D:3)
  8 gnolls
  4 adders
  A shadow imp (D:5)
  An ufetubus (D:5)
  A worm (D:3)
  2 dart slugs (D:4)
  15 orcs
  6 ball pythons
  3 bats
  9 endoplasms
  8 giant cockroaches
  7 hobgoblins
  5 kobolds
  3 quokkas
  3 frilled lizards
  15 goblins
  5 rats
116 creatures vanquished.

Notes
Turn   | Place    | Note
-------+----------+-------------------------------------------
     0 | D:1      | Esekla the Deep Elf Hedge Wizard began the quest for the
                  | Orb.
     0 | D:1      | Reached XP level 1. HP: 10/10 MP: 7/7
   479 | D:1      | Reached XP level 2. HP: 14/15 MP: 7/9
   485 | D:1      | Learned a level 2 spell: Blink
   489 | D:1      | Reached skill level 5 in Spellcasting
  1824 | D:2      | Reached XP level 3. HP: 15/19 MP: 11/11
  1828 | D:2      | Learned a level 3 spell: Mephitic Cloud
  1848 | D:2      | Learned a level 3 spell: Ignite Poison
  1852 | D:2      | Learned a level 3 spell: Frozen Ramparts
  1893 | D:2      | Found a faded altar of an unknown god.
  2686 | D:3      | Found Wisiaf's Armour Shop.
  2686 | D:3      | Noticed an animated shadow dragon scales
  2687 | D:3      | Noticed an animated pearl dragon scales
  2688 | D:3      | Noticed Robin
  2719 | D:3      | Killed Robin
  2891 | D:2      | Reached XP level 4. HP: 12/24 MP: 5/13
  3233 | D:4      | Noticed a gnoll sergeant
  3240 | D:4      | Reached skill level 1 in Short Blades
  3240 | D:4      | Reached skill level 1 in Poison Magic
  3256 | D:3      | Reached XP level 5. HP: 23/28 MP: 2/15
  3366 | D:3      | Reached skill level 6 in Spellcasting
  3366 | D:3      | Reached skill level 1 in Air Magic
  3615 | D:4      | Reached skill level 1 in Ice Magic
  3615 | D:4      | Reached XP level 6. HP: 32/32 MP: 5/17
  3773 | D:4      | Identified the +9 chain mail of the Furrier {Dex+3}
  3826 | D:4      | Noticed Grinder
  3826 | D:4      | Paralysed by Grinder for 4 turns
  3847 | D:4      | Killed Grinder
  4338 | D:4      | Reached XP level 7. HP: 36/36 MP: 15/18
  4407 | D:4      | Found a staircase to the Ecumenical Temple.
  4417 | Temple   | Entered the Ecumenical Temple
  4742 | Temple   | Became a worshipper of Sif Muna the Loreminder
  5317 | D:5      | Entered Level 5 of the Dungeon
  5372 | D:5      | Reached skill level 1 in Fire Magic
  5372 | D:5      | Reached skill level 1 in Invocations
  5382 | D:5      | Reached skill level 1 in Transmutations
  5505 | D:5      | Reached skill level 1 in Throwing
  5633 | D:5      | Reached XP level 8. HP: 41/41 MP: 20/20
  5943 | D:5      | Learned a level 4 spell: Sticky Flame
  5975 | D:5      | Reached skill level 7 in Spellcasting
  6151 | D:5      | Found a glowing silver altar of Zin.
  6158 | D:5      | Found a glowing golden altar of the Shining One.
  7005 | D:6      | Slain by a wight

Illustrated notes

Levels and vault maps discovered:
D:1:      erik_arrival_cave_to_civilisation [erik_arrival_cave_to_hall],
          layout_loops_corners, chequers_serial_rivers_large_b
D:2:      layout_loops_cross, ebering_ecumenical_altar_mist, minmay_unequal
D:3:      layout_rooms, serial_shops, nicolae_shop_mannequins, uniq_robin
D:4:      layout_basic, temple_green, minmay_pentomino_pile, uniq_grinder
D:5:      layout_loops_ring, minitemple
D:6:      layout_gridville, serial_shops, nicolae_shop_overgrown_old_shop
Temple:   mainiacjoe_temple_cubbyholes

Skill      XL: |  1  2  3  4  5  6  7  8 |
---------------+-------------------------+-----
Spellcasting   | 5 6 7 |  7.5
Translocations | 2 3 |  3.6
Dodging        | 3 4 |  4.2
Short Blades   | 1 2 |  2.2
Poison Magic   | 1 2 3 |  3.2
Air Magic      | 1 2 3 |  3.0
Ice Magic      | 1 2 3 |  3.0
Stealth        | 3 |  3.4
Fire Magic     | 1 2 |  2.7
Invocations    | 1 2 |  2.3
Transmutations | 1 |  1.8
Throwing       | 1 |  1.3
Conjurations   | 2 |  2.5
Fighting       | |  0.2
Summonings     | |  1.1

Action                     |  1- 3 |  4- 6 |  7- 9 || total
---------------------------+-------+-------+-------++-------
  Melee: Dagger            |   130 |    93 |    55 ||   278
         Punch             |       |     2 |       ||     2
  Throw: Dart              |     5 |    13 |     9 ||    27
         Boomerang         |       |     4 |     6 ||    10
   Cast: Magic Dart        |    57 |    21 |     3 ||    81
         Blink             |     3 |     1 |     5 ||     9
         Mephitic Cloud    |     5 |    18 |    11 ||    34
         Ignite Poison     |     1 |     6 |     9 ||    16
         Frozen Ramparts   |       |       |     3 ||     3
         Sticky Flame      |       |       |     3 ||     3
    Use: Scroll            |     3 |     1 |     1 ||     5
   Stab: Sleeping          |     6 |     1 |     3 ||    10
         Confused          |       |     8 |     1 ||     9
 Armour: Robe              |    44 |    22 |    11 ||    77
  Dodge: Dodged            |    89 |    50 |    39 ||   178
